 Dungeon Crawl Stone Soup version 0.23.1-37-gaa34b87 (webtiles) character file.

Game seed: 12301266507596125480

19 rok the Charmwright (level 2, 15/15 HPs)
             Began as a Vine Stalker Skald on Mar 25, 2019.
             Quit the game on level 1 of the Dungeon.
             The game lasted 00:16:05 (679 turns).

rok the Charmwright (Vine Stalker Skald)             Turns: 679, Time: 00:16:06

Health: 15/15      AC:  3    Str: 13    XL:     2   Next: 75%
Magic:  6/6        EV: 12    Int: 13    God:
Gold:   33         SH:  0    Dex: 13    Spells: 4/5 levels left

rFire    . . .     SeeInvis .   a - +0 spear
rCold    . . .     Gourm    .   (no shield)
rNeg     . . .     Faith    .   b - +0 leather armour
rPois    .         Spirit   +   (no helmet)
rElec    .         Reflect  .   (no cloak)
rCorr    .         Harm     .   (no gloves)
MR       .....                  (no boots)
Stlth    +.........             (no amulet)
HPRegen  0.05/turn              (no ring)
MPRegen  0.10/turn              (no ring)

@: no status effects
A: fangs 2, magic shield, antimagic bite, no potion heal 3, rot immunity
a: no special abilities


You were on level 1 of the Dungeon.
You were not hungry.

You visited 1 branch of the dungeon, and saw 1 of its levels.

You collected 33 gold pieces.

Inventory:

Hand Weapons
 a - a +0 spear (weapon)
 e - a +0 whip
 i - a +0 club
 k - a +0 hand axe
Missiles
 h - 3 tomahawks (quivered)
 l - 20 bolts
Armour
 b - a +0 leather armour (worn)
Scrolls
 g - a scroll of enchant weapon {unknown}
Potions
 c - a potion of agility {unknown}
 f - a potion of curing {unknown}
 j - a potion of lignification {unknown}
Comestibles
 d - 2 rations


   Skills:
 + Level 2.0 Fighting
 + Level 1.8 Polearms
 + Level 0.8 Armour
 + Level 1.7 Dodging
 + Level 2.2 Spellcasting
 + Level 3.5 Charms


You had 4 spell levels left.
You knew the following spells:

 Your Spells              Type           Power        Failure   Level  Hunger
a - Infusion              Chrm           ##..         8%          1    ##.....

Your spell library contained the following spells:

 Spells                   Type           Power        Failure   Level  Hunger
 Song of Slaying          Chrm           ##......     11%         2    ###....
 Shroud of Golubria       Chrm/Tloc      #.........   22%         2    ###....
 Regeneration             Chrm/Necr      #.........   41%         3    ####...
 Spectral Weapon          Hex/Chrm       #.......     41%         3    ####...


Dungeon Overview and Level Annotations

Branches:
Dungeon (1/15)

Altars:


Innate Abilities, Weirdness & Mutations

You have extremely sharp teeth.
When hurt, damage is shared between your health and your magic reserves.
Your bite disrupts and absorbs the magic of your enemies.
Potions cannot restore your health.
You are immune to rotting.


Message History

You kill the hobgoblin!
Things that are here:
a +0 club; a hobgoblin corpse You now have 33 gold pieces (gained 16).
Press: ? - help, v - describe, . - travel The floor.
Unknown command.
Enter note:
Things that are here:
a +0 club; a hobgoblin corpse Unknown command.
Unknown command.
Things that are here:
a +0 club; a hobgoblin corpse
Things that are here:
a +0 club; a hobgoblin corpse
Found 20 bolts.
You see here 20 bolts.
l - 20 bolts Are you sure you want to abandon this character and quit the game? (Confirm with "yes".)

########### #.#
#.........#############.# ##
#.#######.#.............# .# #.#
..#.##.##########.# .#####.#.
#.#.##...########.### .......#.#
#.#.##.#............##
.#######...#.#.#..#.########.#.##
†# #.#.#.#..#.............. .#
#####..#.#@.#.########.#.## .#
#........#..#.########.#.#. .#
###.#.#..#).#.#........#.'. .#
###.#.#..#..#.#.######...#. .#
#........#..#.#...# #...... .#
#.#[...)†#..#.#.### #....#. .#
####.##.#...#..#.#.# #....#. .#
#....##.#..##..#.#.# #....#.
.###.####......#..#.#.# #....#.


There were no monsters in sight!

Vanquished Creatures
  A leopard gecko (D:1)
  A bat (D:1)
  A giant cockroach (D:1)
  3 goblins (D:1)
  4 hobgoblins (D:1)
  4 frilled lizards (D:1)
  A kobold (D:1)
  2 rats (D:1)
17 creatures vanquished.

Notes
Turn   | Place    | Note
-------+----------+-------------------------------------------
     0 | D:1      | rok the Vine Stalker Skald began the quest for the Orb.
     0 | D:1      | Reached XP level 1. HP: 11/11 MP: 4/4
    63 | D:1      | Reached XP level 2. HP: 9/15 MP: 3/6
   679 | D:1      | Quit the game

Skill      XL: |  1  2 |
---------------+-------+-----
Fighting       | 2 |  2.0
Polearms       | |  1.8
Armour         | |  0.8
Dodging        | |  1.7
Spellcasting   | |  2.2
Charms         | |  3.5

Action                   || total
-------------------------++-------
Melee: Spear             ||    50
       Bite              ||    11
Armor: Leather armour    ||     8
Dodge: Dodged            ||    26
